 Dungeon Crawl Stone Soup version 0.22.1-1-ga44c0e56f4 (webtiles) character file.

84 Riddle the Skirmisher (level 4, -2/38 HPs)
             Began as a Mummy Chaos Knight on Sept 20, 2018.
             Slain by a gnoll
             ... wielding a +0 halberd
              (6 damage)
             ... on level 2 of the Dungeon.
             The game lasted 00:01:57 (1357 turns).

Riddle the Skirmisher (Mummy Chaos Knight)          Turns: 1357, Time: 00:01:59

Health: -2/38      AC:  5    Str: 16    XL:     4   Next: 23%
Magic:  4/4        EV: 11    Int: 11    God:    Xom [......]
Gold:   67         SH:  0    Dex: 11    Spells: 3/3 levels left

rFire    x . .     SeeInvis .   a - +0 short sword (chaos)
rCold    + . .     Gourm    .   (no shield)
rNeg     + + +     Faith    .   b - +2 leather armour
rPois    ∞         Spirit   .   (no helmet)
rElec    .         Reflect  .   (no cloak)
rCorr    .         Harm     .   (no gloves)
MR       .....                  (no boots)
Stlth    +.........             (no amulet)
HPRegen  0.12/turn              (no ring)
MPRegen  0.09/turn              (no ring)

@: no status effects
A: no food or potions, fire vulnerability, cold resistance 1, negative energy
resistance 3, torment resistance, unbreathing
a: Renounce Religion


You were on level 2 of the Dungeon.
You worshipped Xom.
You were a very special plaything of Xom.
You were not hungry.

You visited 1 branch of the dungeon, and saw 2 of its levels.

You collected 67 gold pieces.

Inventory:

Hand Weapons
 a - a +0 short sword of chaos (weapon)
Armour
 b - a +2 leather armour (worn)
Scrolls
 c - 2 scrolls of identify {unknown}
 d - a scroll of fog {unknown}
 e - a scroll of noise {unknown}
 f - a scroll of enchant armour {unknown}


   Skills:
 + Level 4.8 Fighting
 - Level 2.8 Short Blades
 - Level 1.5 Armour
 - Level 0.7 Dodging


You had 3 spell levels left.
You didn't know any spells.
Your spell library was empty.

Dungeon Overview and Level Annotations

Branches:
Dungeon (2/15)

Altars:


Innate Abilities, Weirdness & Mutations

You do not eat or drink.
Your flesh is vulnerable to fire.
You are immune to poison.
Your flesh is cold resistant. (rC+)
You are immune to negative energy. (rN+++)
You are immune to unholy pain and torment.
You can survive without breathing.


Message History

There is an open door here.
You open the door. 4 gnolls come into view.
The gnoll shouts! x3
The gnoll hits you from afar with a spear. x2
The gnoll hits you but does no damage. The gnoll closely misses you.
The gnoll hits you with a spear.
The gnoll hits you from afar with a spear.
There is an open door here.
There are monsters nearby!
There are monsters nearby!
You hit the gnoll.
The gnoll looks faint for a moment.
The gnoll is moderately wounded.
The gnoll hits you with a spear!
The gnoll hits you from afar with a spear.
The gnoll hits you with a spear!
* * * LOW HITPOINT WARNING * * *
The gnoll hits you from afar with a halberd.
You die...
Xom howls with laughter!

#. .'.'..#.#
#.####.##'#.#
#...........#
#.####.##'#.#
#.#..#.#..#.#
#.#..†.'..#.#
#.#'##.####.#
#...........#
#.#@##.####.#
#.#gg#.# .#
#.#gg'.'
#.####.# ...
.... ### ###


You could see 4 gnolls.

Vanquished Creatures
  Natasha (twice) (D:2)
  A dart slug (D:1)
  2 leopard geckos (D:2)
  A ball python (D:2)
  2 bats (D:1)
  4 giant cockroaches
  4 goblins
  7 hobgoblins
  3 frilled lizards (D:1)
  2 kobolds (D:1)
  4 rats
32 creatures vanquished.

Notes
Turn   | Place    | Note
-------+----------+-------------------------------------------
     0 | D:1      | Riddle the Mummy Chaos Knight began the quest for the Orb.
     0 | D:1      | Reached XP level 1. HP: 18/18 MP: 1/1
   108 | D:1      | Reached XP level 2. HP: 17/24 MP: 2/2
   660 | D:2      | Noticed Natasha
   661 | D:2      | Noticed a crimson imp
   669 | D:2      | Noticed a crimson imp
   701 | D:1      | XOM: harmless Summ miscast
   708 | D:1      | XOM: mild Necr miscast
   747 | D:2      | XOM: noise
   772 | D:2      | Reached XP level 3. HP: 24/30 MP: 3/3
   810 | D:2      | XOM: harmless Necr miscast
   826 | D:2      | Killed Natasha
   826 | D:2      | Reached skill level 4 in Fighting
   837 | D:2      | HP: 1/30 [leopard gecko (2)]
  1061 | D:2      | XOM: 3-stop teleportation journey
  1254 | D:2      | Noticed Natasha
  1260 | D:2      | Killed Natasha
  1260 | D:2      | Reached XP level 4. HP: 30/38 MP: 4/4
  1357 | D:2      | Slain by a gnoll

Skill      XL: |  1  2  3 |
---------------+----------+-----
Fighting       | 4 |  4.8
Short Blades   | |  2.8
Armour         | |  1.5
Dodging        | |  0.7

Action                   |  1- 3 |  4- 6 || total
-------------------------+-------+-------++-------
Melee: Short sword       |   122 |     4 ||   126
 Stab: Sleeping          |     1 |       ||     1
Armor: Leather armour    |    39 |     2 ||    41
Dodge: Dodged            |    50 |     1 ||    51
